 Dungeon Crawl Stone Soup version 0.32-a0-918-g0f22ef8d61 (webtiles) character file.

Game seed: 14564455912522758288

53 Autsider the Caller (level 3, 0/26 HPs)
             Began as a Mountain Dwarf Summoner on Apr 10, 2024.
             Slain by an orc priest
             ... wielding a +0 mace
              (5 damage)
             ... on level 3 of the Dungeon.
             The game lasted 00:05:52 (2298 turns).

Autsider the Caller (Mountain Dwarf Summoner)       Turns: 2298, Time: 00:05:53

Health: 0/26       AC:  5    Str: 10    XL:     3   Next: 64%
Magic:  3/7        EV: 10    Int: 17    God:
Gold:   53         SH:  0    Dex: 10    Spells: 3/7 levels left

rFire   . . .        l - +0 trident
rCold   . . .        (no shield)
rNeg    . . .        m - +0 leather armour
rPois   .            g - +1 helmet
rElec   .            (no cloak)
rCorr   .            (no gloves)
SInv    .            (no boots)
Will    .....        (no amulet)
Stlth   +            (no ring)
HPRegen 0.24/turn    (no ring)
MPRegen 0.10/turn

%: no passive effects
@: inugami summoned
A: runic magic, artefact enchanting
a: Convert to Beogh


You were on level 3 of the Dungeon.
You visited 1 branch of the dungeon, and saw 3 of its levels.

You collected 53 gold pieces.

Inventory:

Hand Weapons
 d - a +0 spear
 l - a +0 trident (weapon)
Armour
 g - a +1 helmet (worn)
 m - a +0 leather armour (worn)
 n - an orb of energy
Jewellery
 f - an amulet of the acrobat
Scrolls
 e - 2 scrolls of immolation {unknown}
 h - a scroll of teleportation {unknown}
 i - a scroll of poison {unknown}
 j - a scroll of identify {unknown}
Potions
 a - 2 potions of mutation {unknown}
 b - a potion of magic
 c - a potion of attraction {unknown}
 k - a potion of brilliance {unknown}


   Skills:
 - Level 1.3 Dodging
 - Level 1.4 Stealth
 + Level 2.7 Spellcasting
 + Level 4.7 Summonings


You had 3 spell levels left.
You knew the following spells:

 Your Spells              Type           Power      Damage    Failure   Level
a - Call Canine Familiar  Summ           18%        N/A       9%          3
b - Summon Small Mammal   Summ           72%        N/A       2%          1

Your spell library contained the following spells:

 Spells                   Type           Power      Damage    Failure   Level
 Call Imp                 Summ           36%        N/A       4%          2
 Summon Blazeheart Golem  Fire/Summ      10%        N/A       58%         4
 Summon Lightning Spire   Summ/Air       10%        N/A       58%         4


Dungeon Overview and Level Annotations

Branches:
Dungeon (3/15)

Altars:
Elyvilon

Shops:
D:2 :


Innate Abilities, Weirdness & Mutations

Your spellcasting is much less encumbered by armour.
You can use scrolls of enchantment on lesser artefacts.


Message History

The frilled lizard dies!
The orc hits you but does no damage.
Reach: l) +0 trident
Press: ? - help, Dir - move target, f/p - orc
Aim: an orc, wielding a +0 short sword of speed and wearing a +0 chain mail (heavily wounded, ally target, about 39% to evade your +0 trident)
You hit the orc but do no damage.
The orc is heavily wounded.
The orc priest hits you with a +0 mace!
* * * LOW HITPOINT WARNING * * *
The orc hits you with a +0 short sword of speed.
* * * LOW HITPOINT WARNING * * *
Your rat bites the orc priest but does no damage.
Reach: l) +0 trident
Press: ? - help, Dir - move target, f/p - orc
Aim: an orc, wielding a +0 short sword of speed and wearing a +0 chain mail (heavily wounded, ally target, about 39% to evade your +0 trident)
You barely miss the orc.
The orc is heavily wounded.
The orc hits you but does no damage. The orc priest misses you.
Your inugami hits the orc.
The orc dies!
Your rat bites the orc priest.
The orc priest completely misses you.
Reach: l) +0 trident
Press: ? - help, Dir - move target, f - orc priest
Aim: an orc priest, wielding a +0 mace and wearing a +0 scale mail (lightly wounded, ally target, about 44% to evade your +0 trident)
You hit the orc priest but do no damage.
The orc priest is lightly wounded.
Your inugami hits the orc priest but does no damage.
Your rat bites the orc priest but does no damage.
The orc priest hits you with a +0 mace.
* * * LOW HITPOINT WARNING * * *
Your inugami barely misses the orc priest.
Your rat bites the orc priest but does no damage.
Reach: l) +0 trident
Press: ? - help, Dir - move target, f/p - orc priest
Aim: an orc priest, wielding a +0 mace and wearing a +0 scale mail (lightly wounded, ally target, about 44% to evade your +0 trident)
You barely miss the orc priest.
The orc priest is lightly wounded.
The orc priest shouts, "Surrender to Beogh and we'll let you live!"
The orc priest hits you with a +0 mace.
You die...

.............#......
......###o...#.##.##
##..................
####.####...#....##
........l........
#########....#####
#..........>...#
.######.#######.#....#
...........@o.#.#....# .
.......†<..)hr)......# ...
.######.####.##.##.#####...#
#.# #.##.####<....... #.#
#.#.............# #.#
#.##.##.######...
#.####.............. .
#.##...##.##.######..
.######.##.####.##.........


You could see an orc priest (ally target), a friendly inugami (summoned) and a
friendly rat (summoned).

Vanquished Creatures
  An orc (D:3)
  2 bats
  An endoplasm (D:3)
  4 goblins
  6 hobgoblins
  3 ball pythons
  5 frilled lizards
  2 kobolds
  4 rats
28 creatures vanquished.

Vanquished Creatures (collateral kills)
  2 dart slugs
  2 orcs (D:3)
  A ball python (D:2)
  A bat (D:1)
  An endoplasm (D:2)
  A giant cockroach (D:1)
  A kobold (D:2)
  8 frilled lizards
17 creatures vanquished.

Grand Total: 45 creatures vanquished

Notes
Turn   | Place    | Note
-------+----------+-------------------------------------------
     0 | D:1      | Autsider the Mountain Dwarf Summoner began the quest for
                  | the Orb.
     0 | D:1      | Reached XP level 1. HP: 14/14 MP: 3/3
   462 | D:1      | Reached XP level 2. HP: 14/20 MP: 0/5
  1420 | D:2      | Reached XP level 3. HP: 24/26 MP: 6/6
  1464 | D:2      | Found a faded altar of an unknown god.
  1678 | D:2      | Found a white marble altar of Elyvilon.
  1694 | D:2      | Found Useikug's Book Boutique.
  1897 | D:2      | Learned a level 3 spell: Call Canine Familiar
  2298 | D:3      | Slain by an orc priest

Illustrated notes

Levels and vault maps discovered:
D:1:      dpeg_arrival_simpleton_b, layout_basic, minmay_misc_feat_hallway,
          minmay_hedge_maze, hangedman_decor_growths,
          chequers_serial_rivers_small_3, minmay_misc_feat_rugged,
          minmay_lizard_king
D:2:      layout_loops_ring, basic_altar, serial_shops,
          nicolae_shop_temple_entry_statues_fountains, basic_ecumenical_altar
D:3:      layout_basic, supply_closet_lemuel, uniq_jessica, uniq_terence

Skill      XL: |  1 |
---------------+----+-----
Spellcasting   | 2 |  2.7
Dodging        | |  1.3
Stealth        | |  1.4
Summonings     | |  4.7

Action                     || total
---------------------------++-------
  Melee: Unarmed           ||    24
         Spear             ||    96
         Trident           ||    26
   Cast: Summon Small Mamm ||    29
         Call Canine Famil ||     1
   Stab: Sleeping          ||     2
 Armour: Robe              ||    95
         Leather armour    ||    30
  Dodge: Dodged            ||    93

Table legend: (Time is in decaauts)
 A = Elapsed time spent in this place.
 B = Non-inter-level travel time spent in this place.
 C = Inter-level travel time spent in this place.
 D = Time resting spent in this place.
 E = Time spent auto-exploring this place.
 F = Levels seen in this place.
 G = Mean time per level.
                   A        B        C        D        E       F      G
               +--------+--------+--------+--------+--------+-----+--------+
         Total |   2318 |   2190 |    128 |     17 |   1744 |   3 |  772.7 |
       Dungeon |   2318 |   2190 |    128 |     17 |   1744 |   3 |  772.7 |
               +--------+--------+--------+--------+--------+-----+--------+

Top non-repeatable levels by time:
     D:1: 1260 daAuts
     D:2: 922 daAuts
     D:3: 135 daAuts
